 Dungeon Crawl Stone Soup version 0.23.2-1-ga50397a (webtiles) character file.

Game seed: 17428313213535160595

703 myga the Magician (level 7, -12/32 HPs)
             Began as a Vine Stalker Ice Elementalist on May 18, 2019.
             Was an Initiate of Makhleb.
             Shot with an arrow by a centaur (13 damage)
             ... on level 5 of the Dungeon.
             The game lasted 00:25:00 (3968 turns).

myga the Magician (Vine Stalker Ice Elementalist)   Turns: 3968, Time: 00:25:02

Health: -12/32     AC:  5    Str: 13    XL:     7   Next: 66%
Magic:  0/24       EV: 18    Int: 18    God:    Makhleb [......]
Gold:   279        SH:  0    Dex: 23    Spells: 4/16 levels left

rFire    . . .     SeeInvis .     - Unarmed
rCold    . . .     Gourm    .   (no shield)
rNeg     . . .     Faith    .   r - +0 troll leather armour {Purgy}
rPois    +         Spirit   +   t - +0 helmet
rElec    .         Reflect  .   (no cloak)
rCorr    .         Harm     .   (no gloves)
MR       .....                  (no boots)
Stlth    ++++......             (no amulet)
HPRegen  0.90/turn              v - ring "Owakhlapt" {+Inv MP+9}
MPRegen  0.19/turn              g - +3 ring of dexterity

@: agile
A: fangs 2, hooves 1, clever 1, poison resistance, regeneration 1, strong 1,
magic shield, antimagic bite, no potion heal 3, rot immunity
a: Renounce Religion, Evoke Invisibility


You were on level 5 of the Dungeon.
You worshipped Makhleb.
Makhleb was noncommittal.
You were hungry.

You visited 1 branch of the dungeon, and saw 5 of its levels.

You collected 279 gold pieces.

Inventory:

Missiles
 e - 51 stones (quivered)
 i - 41 poisoned needles
 o - 8 tomahawks
Armour
 a - a +0 robe
 d - a +0 pair of boots
 r - a +0 troll leather armour (worn) {Purgy}
 t - a +0 helmet (worn)
Jewellery
 g - a +3 ring of dexterity (right hand)
 l - an uncursed ring of magical power
 v - the ring "Owakhlapt" (left hand) {+Inv MP+9}
   (You found it on level 4 of the Dungeon)

   [ring of magical power]

   It affects your magic capacity (+9).
   It lets you turn invisible.
Wands
 h - a wand of flame (16)
 x - a wand of iceblast (4)
Scrolls
 b - a scroll of fear
 j - a scroll of enchant armour
 k - 2 scrolls of magic mapping
 m - a scroll of fog {unknown}
 p - a scroll of noise {unknown}
 s - a scroll of remove curse
 w - a scroll of teleportation {unknown}
 y - a scroll of vulnerability {unknown}
Potions
 n - 4 potions of curing
 q - a potion of mutation
 u - 2 potions of might
 z - a potion of cancellation
Comestibles
 c - 12 rations
 A - 15 chunks of flesh


   Skills:
 + Level 0.4 Fighting
 + Level 1.3 Throwing
 + Level 1.5 Armour
 + Level 2.5 Dodging
 + Level 3.8 Stealth
 + Level 2.0 Unarmed Combat
 + Level 5.0 Spellcasting
 + Level 1.3 Conjurations
 + Level 0.1 Charms
 + Level 1.0 Summonings
 + Level 0.5 Necromancy
 + Level 4.8 Ice Magic


You had 4 spell levels left.
You knew the following spells:

 Your Spells              Type           Power        Failure   Level  Hunger
a - Freeze                Ice            ###.         2%          1    None
b - Throw Frost           Conj/Ice       ###...       8%          2    #......
c - Ozocubu's Armour      Chrm/Ice       ##......     19%         3    ##.....
d - Throw Icicle          Conj/Ice       ###.....     43%         4    ####...
e - Animate Skeleton      Necr           N/A          14%         1    None
f - Summon Small Mammal   Summ           #...         11%         1    None

Your spell library contained the following spells:

 Spells                   Type           Power        Failure   Level  Hunger
 Apportation              Tloc           #.....       17%         1    None
 Confusing Touch          Hex            #.....       17%         1    None
 Summon Ice Beast         Ice/Summ       ###.....     45%         4    ####...


Dungeon Overview and Level Annotations

Branches:
Dungeon (5/15)
 Temple: D:4-7

Altars:
Makhleb
Xom

Shops:
D:4 ?


Innate Abilities, Weirdness & Mutations

You have extremely sharp teeth.
Your natural rate of healing is unusually fast.
When hurt, damage is shared between your health and your magic reserves.
Your bite disrupts and absorbs the magic of your enemies.
Potions cannot restore your health.
You are immune to rotting.
You have large cloven feet.
Your mind is acute. (Int +2)
Your system is resistant to poisons. (rPois)
Your muscles are strong. (Str +2)


Message History

Confirm with . or Enter, or press ? or * to list all spells.
Aiming: Freeze (safe; 2% risk of failure)
Press: ? - help, Shift-Dir - straight line, f/p - shadow imp
Aim: a shadow imp (lightly wounded)
Okay, then.
Okay, then.
Unknown command.
An adder comes into view.
You feel agile all of a sudden.
The centaur shoots an arrow.
The arrow misses you.
The arrow barely misses the adder.
The shadow imp barely misses you.
The centaur shoots an arrow.
The arrow completely misses you.
A crimson imp comes into view.
You are feeling hungry.
The shadow imp shouts, "Return whence thou came, thou euchred miscreant dewberry!"
The shadow imp gestures at you. Pain shoots through your body!
* * * LOW HITPOINT WARNING * * *
The centaur shoots an arrow.
The arrow hits you!
You die...

....
#(#.......#..
.
#(.(......##.#
..
####..#####...
.#
#..###...o.#
.... ..
#......#5## #.
##....c#.#
........Z.#
#..S(###..#
..... #@#..#
##.........##
#..###.5..# #.
#.##.# #. ..
.. .#. .. #..
... ..


You could see a centaur, an orc wizard, a crimson imp (wandering), a shadow imp
and an adder skeleton.

Vanquished Creatures
  Purgy (D:3)
  2 ogres
  A scorpion (D:5)
  2 crimson imps
  A bullfrog zombie (D:4)
  An orc priest (D:2)
  3 worker ants (D:4)
  8 adders
  A worm (D:3)
  2 dart slugs
  2 leopard geckos
  9 orcs
  10 giant cockroaches
  3 goblins
  6 hobgoblins
  10 jackals
  8 kobolds
  2 quokkas
  A ball python (D:3)
  12 bats
  3 frilled lizards
  10 rats
98 creatures vanquished.

Vanquished Creatures (collateral kills)
  Ijyb (D:4)
1 creature vanquished.

Grand Total: 99 creatures vanquished

Notes
Turn   | Place    | Note
-------+----------+-------------------------------------------
     0 | D:1      | myga the Vine Stalker Ice Elementalist began the quest for
                  | the Orb.
     0 | D:1      | Reached XP level 1. HP: 9/9 MP: 4/4
   160 | D:1      | Reached XP level 2. HP: 13/13 MP: 4/6
   293 | D:1      | Learned a level 2 spell: Throw Frost
   694 | D:2      | Reached XP level 3. HP: 16/16 MP: 4/7
  1000 | D:2      | Learned a level 3 spell: Ozocubu's Armour
  1552 | D:2      | You fall through a shaft!
  1559 | D:3      | Gained mutation: Your natural rate of healing is unusually
                  | fast. [Vine Stalker growth]
  1559 | D:3      | Reached XP level 4. HP: 21/21 MP: 3/9
  1567 | D:3      | Reached skill level 3 in Spellcasting
  1601 | D:3      | Noticed Purgy
  2392 | D:2      | Reached XP level 5. HP: 16/24 MP: 7/11
  2469 | D:2      | Learned a level 4 spell: Throw Icicle
  2502 | D:3      | Reached skill level 1 in Throwing
  2785 | D:3      | Learned a level 1 spell: Animate Skeleton
  2858 | D:3      | Killed Purgy
  2858 | D:3      | Reached skill level 4 in Spellcasting
  2858 | D:3      | Reached XP level 6. HP: 10/28 MP: 0/13
  3029 | D:3      | Found a burning altar of Makhleb.
  3033 | D:3      | Found a shimmering altar of Xom.
  3177 | D:3      | Learned a level 1 spell: Summon Small Mammal
  3231 | D:3      | Became a worshipper of Makhleb the Destroyer
  3252 | D:3      | Gained mutation: Your mind is acute. (Int +2) [potion of
                  | mutation]
  3252 | D:3      | Gained mutation: You have large cloven feet. [potion of
                  | mutation]
  3252 | D:3      | Gained mutation: Your muscles are strong. (Str +2) [potion
                  | of mutation]
  3252 | D:3      | Gained mutation: Your system is resistant to poisons.
                  | (rPois) [potion of mutation]
  3267 | D:4      | Found Nibb's Magic Scroll Shop.
  3388 | D:4      | Reached skill level 1 in Unarmed Combat
  3435 | D:4      | Got a translucent golden ring
  3437 | D:4      | Identified the ring "Owakhlapt" {+Inv MP+9} (You found it
                  | on level 4 of the Dungeon)
  3529 | D:4      | Reached skill level 1 in Armour
  3529 | D:4      | Reached XP level 7. HP: 22/32 MP: 14/14
  3762 | D:4      | Noticed Ijyb
  3771 | D:4      | Killed Ijyb
  3890 | D:5      | Entered Level 5 of the Dungeon
  3913 | D:5      | Reached skill level 1 in Summonings
  3929 | D:5      | Reached skill level 5 in Spellcasting
  3968 | D:5      | HP: 1/32 [shadow imp/nerve-wracking pain (9)]
  3968 | D:5      | Shot with an arrow by a centaur

Skill      XL: |  1  2  3  4  5  6  7 |
---------------+----------------------+-----
Stealth        | 3 |  3.8
Spellcasting   | 3 4 5 |  5.0
Dodging        | 2 |  2.5
Ice Magic      | 4 |  4.8
Throwing       | 1 |  1.3
Unarmed Combat | 1 2 |  2.0
Armour         | 1 |  1.5
Summonings     | 1 |  1.0
Fighting       | |  0.4
Conjurations   | |  1.3
Charms         | |  0.1
Necromancy     | |  0.5

Action                   |  1- 3 |  4- 6 |  7- 9 || total
-------------------------+-------+-------+-------++-------
Melee: Unarmed           |    42 |    74 |    15 ||   131
       Bite              |    11 |    23 |     6 ||    40
       Kick              |       |     4 |     5 ||     9
Throw: Stone             |    21 |    32 |     1 ||    54
       Tomahawk          |       |    10 |     1 ||    11
 Cast: Freeze            |    39 |    69 |    13 ||   121
       Throw Frost       |    15 |    10 |     7 ||    32
       Ozocubu's Armour  |       |     2 |     1 ||     3
       Animate Skeleton  |       |     3 |       ||     3
       Summon Small Mamm |       |       |     2 ||     2
  Use: Potion            |     5 |     1 |     2 ||     8
       Scroll            |       |     6 |     1 ||     7
 Stab: Sleeping          |     4 |     2 |       ||     6
       Distracted        |     1 |       |       ||     1
  Eat: Chunk             |     3 |     7 |     1 ||    11
Armor: Robe              |    26 |    28 |       ||    54
       Troll leather arm |       |     7 |     5 ||    12
Dodge: Dodged            |    49 |    77 |    14 ||   140
